 Dungeon Crawl Stone Soup version 0.26.1-11-gd32895ea62 (webtiles) character file.

Game seed: 13732917352556997712

49 Almogavar the Covered (level 3, -1/30 HPs)
             Began as a Barachi Fighter on June 5, 2021.
             Slain by Terence
             ... wielding a +0 trident
              (4 damage)
             ... on level 2 of the Dungeon.
             The game lasted 00:03:25 (1201 turns).

Almogavar the Covered (Barachi Fighter)             Turns: 1201, Time: 00:03:25

Health: -1/30      AC: 10    Str: 18    XL:     3   Next: 75%
Magic:  3/3        EV:  7    Int: 14    God:
Gold:   107        SH:  9    Dex: 11    Spells: 2/2 levels left

rFire    . . .     SeeInvis .   a - +0 long sword
rCold    . . .     Faith    .   c - +0 kite shield
rNeg     . . .     Spirit   .   b - +0 scale mail
rPois    .         Reflect  .   (no helmet)
rElec    .         Harm     .   (no cloak)
rCorr    .         Rampage  .   g - +0 pair of gloves
Will     .....                  i - +1 pair of boots
Stlth    ..........             (no amulet)
HPRegen  0.10/turn              h - +6 ring of intelligence
MPRegen  0.08/turn              (no ring)

@: slow
A: +LOS, swims, slowness 1, strong legs 1
a: Hop


You were on level 2 of the Dungeon.
You visited 1 branch of the dungeon, and saw 2 of its levels.

You collected 107 gold pieces.

Inventory:

Hand Weapons
 a - a +0 long sword (weapon)
 n - a +0 hunting sling
Missiles
 m - 32 stones
Armour
 b - a +0 scale mail (worn)
 c - a +0 kite shield (worn)
 g - a +0 pair of gloves (worn)
 i - a +1 pair of boots (worn)
Jewellery
 h - a +6 ring of intelligence (left hand)
Scrolls
 f - a scroll of random uselessness {unknown}
 j - a scroll of identify {unknown}
 k - a scroll of amnesia
Potions
 d - a potion of might
 e - a potion of haste {unknown}
 l - 2 potions of lignification {unknown}
 o - a potion of curing {unknown}


   Skills:
 + Level 3.8 Fighting
 + Level 3.6 Long Blades
 + Level 3.9 Armour
 + Level 0.2 Dodging
 + Level 3.9 Shields


You had 2 spell levels left.
You didn't know any spells.
Your spell library was empty.

Dungeon Overview and Level Annotations

Branches:
Dungeon (2/15)

Altars:

Annotations:
D:2 Terence


Innate Abilities, Weirdness & Mutations

You can be seen from farther away. (+LOS)
You can swim through water.
You cover ground slowly.
You can hop short distances.


Message History

You closely miss the hobgoblin.
The hobgoblin is moderately wounded.
The hobgoblin hits you but does no damage.
Terence hits you from afar with a +0 trident.
* * * LOW HITPOINT WARNING * * *
You hit the hobgoblin.
The hobgoblin is severely wounded.
The hobgoblin hits you with a +0 club.
* * * LOW HITPOINT WARNING * * *
Terence hits you from afar with a +0 trident.
* * * LOW HITPOINT WARNING * * *
You block the hobgoblin's attack.
Terence hits you from afar with a +0 trident.
* * * LOW HITPOINT WARNING * * *
There is an open door here.
The hobgoblin hits you but does no damage.
You block Terence's attack. You block the hobgoblin's attack.
Terence hits you from afar with a +0 trident.
You die...

#.# #.# #.#........#.# #.#
#.# #.########.#.# #.# #.#
#....†....<#.# #.#
#.######..........#
#.####.###.................#
......(................^...#
#.####.#########.#######...#
#.# ###)##### ##### #.#
#..@....# #.# #.......# .
#(# #.@g....# #. #(#
#.......# #. #.# #.......#
#.##.# #.......# #..#.####
#.......# #.#g@[.# #.......#
#......# ###'#####


You could see Terence and a hobgoblin.

Vanquished Creatures
  2 oozes (D:2)
  A worm (D:2)
  A dart slug (D:1)
  A leopard gecko (D:2)
  2 ball pythons (D:1)
  A giant cockroach (D:2)
  6 hobgoblins
  2 bats
  5 goblins
  4 kobolds
  8 rats
33 creatures vanquished.

Vanquished Creatures (others)
  2 plants (D:1)
2 creatures vanquished.

Grand Total: 35 creatures vanquished

Notes
Turn   | Place    | Note
-------+----------+-------------------------------------------
     0 | D:1      | Almogavar the Barachi Fighter began the quest for the Orb.
     0 | D:1      | Reached XP level 1. HP: 18/18 MP: 1/1
   158 | D:1      | Reached XP level 2. HP: 18/25 MP: 2/2
   947 | D:2      | Reached XP level 3. HP: 29/30 MP: 3/3
  1100 | D:2      | Noticed Terence
  1190 | D:2      | HP: 1/30 [Terence/+0 trident (3)]
  1201 | D:2      | Slain by Terence

Illustrated notes

Levels and vault maps discovered:
D:1:      dpeg_arrival_oval, layout_rooms, serial_forest,
          infiniplex_forest_side_room, infiniplex_forest_clump_long,
          infiniplex_forest_lined_2, infiniplex_forest_corner_2,
          infiniplex_forest_clump_medium, infiniplex_forest_straight_1,
          patterned_corridor
D:2:      layout_basic, uniq_terence

Skill      XL: |  1  2 |
---------------+-------+-----
Long Blades    | 3 |  3.6
Fighting       | |  3.8
Armour         | |  3.9
Dodging        | |  0.2
Shields        | |  3.9

Action                   || total
-------------------------++-------
Melee: Long sword        ||   122
 Fire: Hunting sling     ||    15
  Use: Scroll            ||     1
Armor: Scale mail        ||    63
Dodge: Dodged            ||    38
Block: Kite shield       ||    76
       Rpst.: Long sword ||     8
